 Dungeon Crawl Stone Soup version 0.31-a0-222-gefeffbb62a (webtiles) character file.

Game seed: 12845079966811232922

149 qw the Shooter (level 5, -4/41 HPs)
             Began as a Minotaur Hexslinger on July 5, 2023.
             Slain by an ogre
             ... wielding a +0 giant club
              (20 damage)
             ... on level 4 of the Dungeon.
             The game lasted 00:01:07 (3077 turns).

qw the Shooter (Minotaur Hexslinger)                Turns: 3077, Time: 00:01:07

Health: -4/41      AC:  5    Str: 12    XL:     5   Next: 9%
Magic:  5/5        EV: 11    Int: 10    God:
Gold:   108        SH:  0    Dex: 15    Spells: 5/6 levels left

rFire   . . .        Y - +1 sling
rCold   . . .        (no shield)
rNeg    . . .        j - +0 ring mail
rPois   .            (helmet restricted)
rElec   .            (no cloak)
rCorr   .            (no gloves)
SInv    .            (no boots)
Will    .....        (no amulet)
Stlth   +            (no ring)
HPRegen 0.26/turn    (no ring)
MPRegen 0.09/turn

%: no passive effects
@: no status effects
A: horns 2, retaliatory headbutt
a: no special abilities


You were on level 4 of the Dungeon.
You visited 1 branch of the dungeon, and saw 4 of its levels.

You collected 249 gold pieces.
You spent 141 gold pieces at shops.


Innate Abilities, Weirdness & Mutations

You have a pair of horns on your head.
You reflexively headbutt those who attack you in melee.


   Skills:
 + Level 2.2 Fighting
 - Level 5.3 Ranged Weapons
 - Level 1.2 Armour
 - Level 2.1 Dodging
 - Level 1.0 Spellcasting
 - Level 2.0 Hexes


You had 5 spell levels left.
You knew the following spells:

 Your Spells              Type           Power      Damage    Failure   Level
a - Slow                  Hex            16%        N/A       34%         1

Your spell library contained the following spells:

 Spells                   Type           Power      Damage    Failure   Level
 Inner Flame              Hex/Fire       2%         N/A       83%         3
 Portal Projectile        Hex/Tloc       4%         N/A       83%         3
 Cause Fear               Hex            2%         N/A       98%         4

Inventory:

Hand Weapons
 Y - a +1 sling (weapon)
Armour
 j - a +0 ring mail (worn)
 k - the +0 robe "Ysuschede" {Contam Harm *Corrode Regen+}
   (You bought it in a shop on level 1 of the Dungeon)

   Contam:    It causes magical contamination when unequipped.
   Regen:     It increases your rate of health regeneration.
   *Corrode:  It may corrode you when you take damage.
   Harm:      It increases damage dealt and taken.
Scrolls
 a - 3 scrolls of identify
 b - a scroll of enchant armour {unknown}
 f - 3 scrolls of teleportation
Potions
 c - a potion of mutation
 d - a potion of heal wounds
 g - a potion of curing

Dungeon Overview and Level Annotations

Branches:
Dungeon (4/15)
 Temple: D:4-7

Altars:
Ashenzari
Dithmenos
Yredelemnul
Zin

Shops:
D:1 [

Annotations:
D:3 3 runed translucent doors, qw's ghost, amateur MiHs
D:4 2 transporters


Message History

Enter note:
Enter note:
Enter note: You shoot a sling bullet.
The sling bullet misses the adder.
The ogre shouts!
You shoot a sling bullet.
The sling bullet hits the adder but does no damage.
A jelly comes into view.
You shoot a sling bullet.
The sling bullet barely misses the adder.
A howler monkey comes into view.
The adder bites you but does no damage.
You shoot a sling bullet. The howler monkey howls!
The sling bullet hits the adder.
The adder is moderately wounded.
The adder bites you but does no damage.
You shoot a sling bullet. The sling bullet hits the adder!
You kill the adder!
You shoot a sling bullet.
The sling bullet barely misses the ogre.
The ogre barely misses you.
You shoot a sling bullet. The sling bullet hits the ogre.
The ogre is lightly wounded.
The howler monkey hoots and howls with incredible vigour!
A goblin comes into view. It is wielding a +0 club.
The ogre hits you with a +0 giant club! The jelly hits you but does no damage.
The goblin moves out of view.
You shoot a sling bullet. The sling bullet hits the ogre!
The ogre is moderately wounded.
The jelly closely misses you.
A goblin comes into view. It is wielding a +0 club.
The ogre hits you with a +0 giant club!
The howler monkey hoots and howls with incredible vigour!
The goblin shouts! x2
You shoot a sling bullet.
The sling bullet barely misses the ogre.
The jelly barely misses you. The howler monkey hits you.
The ogre hits you with a +0 giant club!!
You die...

#............####.#..#..
##...........# #...^#^(
##........#.# ##...#..
##.........# #...#8P
#.#...###.# ###)###
#.#...# #.#######....
####....## #..........##
.........###.########...
.......@....... ###.
......JOh...... ##
.......!.......
.............g.
...............
...............
.....g......[..
.......#.....#.


You could see an ogre, a howler monkey, a jelly and 2 goblins.

Vanquished Creatures
  A jelly (D:4)
  4 adders
  2 worms
  3 dart slugs
  2 orcs
  9 bats
  5 endoplasms
  5 giant cockroaches
  7 goblins
  7 hobgoblins
  3 jackals (D:2)
  5 quokkas
  3 ball pythons
  3 frilled lizards
  4 kobolds
  4 rats
  A spectral orc (D:3)
68 creatures vanquished.

Notes
Turn   | Place    | Note
-------+----------+-------------------------------------------
     0 | D:1      | qw the Minotaur Hexslinger began the quest for the Orb.
     0 | D:1      | Reached XP level 1. HP: 16/16 MP: 1/1
     0 | D:1      | 0 ||| qw: Version: 0.3-a-46-gb1f654a
     0 | D:1      | 0 ||| qw: Game counter: 1073
     0 | D:1      | 0 ||| qw: Melee chars always use a shield: true
     0 | D:1      | 0 ||| qw: God list: Okawaru
     0 | D:1      | 0 ||| qw: Allow faded altars: false
     0 | D:1      | 0 ||| qw: Do Orc after clearing Dungeon:15 true
     0 | D:1      | 0 ||| qw: Do second Lair branch before Depths: true
     0 | D:1      | 0 ||| qw: Lair rune preference: random
     0 | D:1      | 0 ||| qw: Goals: Normal
     0 | D:1      | 0 ||| PLANNING D:1-11
   139 | D:1      | Reached skill level 3 in Ranged Weapons
   139 | D:1      | Reached XP level 2. HP: 11/23 MP: 2/2
   564 | D:1      | Found Nataleef's Armour Boutique.
   567 | D:1      | 567 ||| BUYING +0 ring mail (44 gold).
   567 | D:1      | Bought a +0 ring mail for 44 gold pieces
   567 | D:1      | 567 ||| SHOPLISTING +0 ring mail of poison resistance (88
                  | gold, have 19).
   567 | D:1      | 567 ||| BUYING +0 robe "Ysuschede" {Contam Harm *Corrode
                  | Regen+} (7 gold).
   567 | D:1      | Bought the +0 robe "Ysuschede" {Contam Harm *Corrode
                  | Regen+} for 7 gold pieces
   567 | D:1      | 567 ||| SHOPLISTING +3 pair of seven-league boots
                  | {Rampage+∞} (440 gold, have 12).
   816 | D:1      | 816 ||| UPGRADING to +0 leather armour.
   826 | D:1      | 826 ||| DROPPING +0 robe.
   827 | D:1      | 827 ||| UPGRADING to +0 ring mail.
   837 | D:1      | 837 ||| DROPPING +0 leather armour.
   838 | D:1      | 838 ||| READING 2 scrolls labelled DUASADGHOGIB.
   839 | D:1      | 839 ||| READING 2 scrolls labelled USEZAKHL XAGHE.
   840 | D:1      | 840 ||| READING scroll labelled TANUEZ QOEDEJ.
   841 | D:1      | 841 ||| DRINKING 2 glowing pink potions.
   883 | D:1      | 883 ||| DROPPING scroll of poison.
   884 | D:1      | 884 ||| DROPPING scroll of amnesia.
   885 | D:1      | 885 ||| DROPPING potion of lignification.
   993 | D:2      | Reached XP level 3. HP: 21/29 MP: 3/3
  1009 | D:2      | Reached skill level 4 in Ranged Weapons
  1202 | D:2      | Reached skill level 1 in Armour
  1405 | D:2      | Reached XP level 4. HP: 30/36 MP: 4/4
  1788 | D:2      | 1788 ||| READING scroll labelled YSARAS BOSI.
  1789 | D:2      | 1789 ||| READING scroll labelled IRUUTZ SESAMM.
  1794 | D:2      | 1794 ||| READING 3 scrolls of identify.
  1794 | D:2      | 1794 ||| IDENTIFYING emerald potion
  1795 | D:2      | 1795 ||| READING 2 scrolls of identify.
  1795 | D:2      | 1795 ||| IDENTIFYING brown potion
  1796 | D:2      | 1796 ||| DROPPING potion of berserk rage.
  1902 | D:3      | Identified the +8 short sword "Goblinbane" {drain, Will+}
  2079 | D:3      | Found Zin's Purification Station.
  2084 | D:3      | Found a glowing silver altar of Zin.
  2150 | D:3      | 2150 ||| BUYING potion of curing (90 gold).
  2150 | D:3      | Bought a potion of curing for 90 gold pieces
  2225 | D:3      | Found a runed translucent gate.
  2225 | D:3      | Found a runed translucent gate.
  2225 | D:3      | Found a runed translucent gate.
  2226 | D:3      | Noticed qw's ghost (amateur MiHs)
  2355 | D:3      | Found a basalt altar of Yredelemnul.
  2596 | D:3      | 2596 ||| READING 5 scrolls of identify.
  2596 | D:3      | 2596 ||| IDENTIFYING grey potion
  2597 | D:3      | 2597 ||| READING 4 scrolls of identify.
  2597 | D:3      | 2597 ||| IDENTIFYING fizzy dark potion
  2598 | D:3      | 2598 ||| READING 3 scrolls of identify.
  2598 | D:3      | 2598 ||| IDENTIFYING sedimented orange potion
  2599 | D:3      | 2599 ||| DROPPING potion of attraction.
  2600 | D:3      | 2600 ||| DROPPING potion of brilliance.
  2639 | D:4      | Identified the +2 mace of the Tortured God {holy, *Slow rC-
                  | Will+++ Dex+3}
  2668 | D:4      | Found a broken altar of Ashenzari.
  2763 | D:4      | 2763 ||| FLEEEEING.
  2764 | D:4      | 2764 ||| FLEEEEING.
  2765 | D:4      | 2765 ||| FLEEEEING.
  2780 | D:4      | Found a transporter.
  2796 | D:4      | Found a shadowy altar of Dithmenos.
  2818 | D:4      | Found a transporter.
  2852 | D:4      | 2852 ||| FLEEEEING.
  2853 | D:4      | 2853 ||| FLEEEEING.
  3008 | D:4      | Reached skill level 5 in Ranged Weapons
  3008 | D:4      | Reached XP level 5. HP: 41/41 MP: 5/5
  3068 | D:4      | Noticed an ogre
  3077 | D:4      | Slain by an ogre

Levels and vault maps discovered:
D:1:      denvon_arrival_planthouse, layout_loops_ring, serial_shops,
          nicolae_shop_real_fake_doors, eino_curves_04, nrook_mini_backslash,
          hex_large
D:2:      layout_basic, serial_forest, infiniplex_forest_fountain,
          infiniplex_forest_zigzag_1, infiniplex_forest_clump_cross,
          infiniplex_forest_end_3, infiniplex_forest_clump_small,
          infiniplex_forest_lined_room_, infiniplex_forest_clump_large,
          fountainhead, minmay_pentomino_w4
D:3:      layout_loops_ring, zin_purify, yredelemnul_forgotten_temple_becter,
          biasface_ghost_orc_armoury, kennysheep_doodads
D:4:      gammafunk_steamed_eel, layout_rooms,
          grunt_dithmenos_smoke_and_mirrors, nicolae_ashenzari_panopticon,
          serial_glass, glass_columns_c, glass_columns_a, feat_on_display,
          feat_on_display, minmay_strange_pillars

Skill      XL: |  1  2  3  4 |
---------------+-------------+-----
Ranged Weapons | 3 4 5 |  5.3
Fighting       | 2 |  2.2
Armour         | 1 |  1.2
Dodging        | |  2.1
Spellcasting   | |  1.0
Hexes          | |  2.0

Action                     |  1- 3 |  4- 6 || total
---------------------------+-------+-------++-------
   Fire: Sling             |   131 |    95 ||   226
    Use: Scroll            |     3 |     7 ||    10
         Potion            |     1 |       ||     1
 Armour: Robe              |     3 |       ||     3
         Ring mail         |    24 |    13 ||    37
  Dodge: Dodged            |    43 |    27 ||    70

Table legend:
 A = Non-vault XP
 B = Vault XP
 C = Vault XP percentage of total XP
 D = Non-vault monster count
 E = Vault monster count
 F = Vault count percentage of total count
                 A         B        C        D         E       F
            +---------+---------+-------+---------+---------+-------
      Total |     190 |      23 |  10.8 |      60 |       8 |  11.8
            +---------+---------+-------+---------+---------+-------
        D:1 |      31 |       0 |   0.0 |      18 |       0 |   0.0
        D:2 |      49 |      22 |  31.0 |      21 |       7 |  25.0
        D:3 |      24 |       1 |   4.0 |      12 |       1 |   7.7
        D:4 |      86 |       0 |   0.0 |       9 |       0 |   0.0
            +---------+---------+-------+---------+---------+-------
